 Dungeon Crawl Stone Soup version 0.30-a0-972-gf3ab3527aa (webtiles) character file.

Game seed: 9880294461949772987

1676 Dirian the Carver (level 8, -8/71 HPs)
             Began as a Minotaur Fighter on Mar 31, 2023.
             Was a Priest of Zin.
             Mangled by Duvessa
             ... wielding a +6 rapier of speed
              (15 damage)
             ... on level 7 of the Dungeon.
             The game lasted 00:11:42 (5823 turns).

Dirian the Carver (Minotaur Fighter)                Turns: 5823, Time: 00:11:42

Health: -8/71      AC: 14    Str: 20    XL:     8   Next: 70%
Magic:  7/7        EV:  9    Int:  5    God:    Zin [***...]
Gold:   281        SH:  5    Dex: 13    Spells: 7/7 levels left

rFire   . . .      SeeInvis .    a - +1 long sword
rCold   + . .      Faith    .    c - +0 buckler
rNeg    . . .      Spirit   .    b - +0 scale mail
rPois   .          Reflect  .    (helmet restricted)
rElec   .          Rampage  .    g - +2 cloak
rCorr   .                        f - +0 pair of gloves
Will    .....                    n - +0 pair of boots Stlth
                                 (no amulet)
HPRegen 0.31/turn                v - ring of protection from cold
MPRegen 0.10/turn                (no ring)

@: mighty, on recite cooldown
A: horns 2, retaliatory headbutt
a: Renounce Religion, Recite, Vitalisation, Imprison, Donate Gold


You were on level 7 of the Dungeon.
You worshipped Zin.
Zin was most pleased with you.
You visited 2 branches of the dungeon, and saw 8 of its levels.

You collected 312 gold pieces.
You donated 31 gold pieces to Zin.

Inventory:

Hand Weapons
 a - a +1 long sword (weapon)
 w - the +10 mace of the Asp {venom, Dex+5}
   (You found it on level 3 of the Dungeon)

   Dex:       It affects your dexterity (+5).
Armour
 b - a +0 scale mail (worn)
 c - a +0 buckler (worn)
 f - a +0 pair of gloves (worn)
 g - a +2 cloak (worn)
 n - a +0 pair of boots (worn)
Jewellery
 v - a ring of protection from cold (left hand)
Wands
 k - a wand of flame (23)
Scrolls
 m - a scroll of poison
 o - a scroll of immolation
 p - a scroll of magic mapping
 q - a scroll of fear {unknown}
 s - a scroll of butterflies {unknown}
 t - a scroll of teleportation
Potions
 d - a potion of might
 e - a potion of mutation {unknown}
 h - 2 potions of flight {unknown}
 i - 6 potions of curing {unknown}
 j - 2 potions of lignification {unknown}
 l - 3 potions of attraction {unknown}
 r - a potion of cancellation {unknown}
 u - a potion of berserk rage {unknown}


   Skills:
 + Level 6.8 Fighting
 + Level 9.1 Long Blades
 + Level 7.7 Armour
 + Level 5.8 Shields


You had 7 spell levels left.
You didn't know any spells.
Your spell library contained the following spells:

 Spells                   Type           Power      Damage    Failure   Level
 Frozen Ramparts          Ice            0%         1d1       99%         3
 Portal Projectile        Hex/Tloc       0%         N/A       99%         3
 Tukima's Dance           Hex            0%         N/A       99%         3
 Ice Form                 Ice/Tmut       0%         N/A       100%        4
 Summon Ice Beast         Ice/Summ       0%         N/A       100%        4
 Blade Hands              Tmut           0%         N/A       100%        5
 Freezing Cloud           Conj/Ice/Air   0%         6-21      100%        5
 Simulacrum               Ice/Necr       0%         N/A       100%        6
 Polar Vortex             Ice            0%         N/A       100%        9


Dungeon Overview and Level Annotations

Branches:
Dungeon (7/15) Zot: 26723  Temple (1/1) D:6 Zot: 5711

Altars:
Ashenzari
Cheibriados
Dithmenos
Elyvilon
Fedhas
Gozag
Hepliaklqana
Kikubaaqudgha
Makhleb
Nemelex Xobeh
Okawaru
Qazlal
Ru
Sif Muna
Trog
Uskayaw
Vehumet
Wu Jian
Xom
Yredelemnul
Zin
The Shining One

Shops:
D:2 (   D:5 (   D:6 (

Annotations:
D:5 1 runed translucent door, Crazy Yiuf
D:7 Dowan, Duvessa


Innate Abilities, Weirdness & Mutations

You have a pair of horns on your head.
You reflexively headbutt those who attack you in melee.


Message History

You barely miss Duvessa.
Duvessa is lightly wounded.
Duvessa closely misses you.
You barely miss Duvessa. Your headbutt misses Duvessa.
Duvessa is lightly wounded.
You block Duvessa's attack.
Dowan casts a spell.
Dowan blinks!
Duvessa hits you with a +6 rapier of speed.
You fail to use your ability.
You block Duvessa's attack.
Activating: Recite (9% risk of failure)
Press: ? - help, Dir - look around, f - activate Look: a centaur You clear your throat and prepare to recite. "It was the word of Zin that there would not be doubt..."
Duvessa hits you with a +6 rapier of speed.
Duvessa hits you with a +6 rapier of speed!
* * * LOW HITPOINT WARNING * * *
You hit Duvessa. Your headbutt misses Duvessa.
Duvessa is lightly wounded. "...and did the people not suffer until they had condemned..."
Duvessa is dazed by your recitation. Dowan is dazed by your recitation.
Duvessa hits you with a +6 rapier of speed!
* * * LOW HITPOINT WARNING * * *
Dowan gestures wildly while chanting.
Dowan blinks!
You slash Duvessa!
Duvessa is heavily wounded. "...the heretics, after which all was well?"
You finish reciting Apostates 1:62.
Duvessa hits you with a +6 rapier of speed!
Zin protects you from harm! Duvessa hits you but does no damage.
You barely miss Duvessa. You headbutt Duvessa.
Duvessa is heavily wounded.
Duvessa closely misses you.
You barely miss Duvessa.
Duvessa is heavily wounded.
Duvessa hits you with a +6 rapier of speed!
You die...

##
#......[.........
#
#................
#...............#
#..............##
#............###
#...........##
..........###
#........## ..
##.....@## ..
##..##e# ### #c#
#.. ... .#.. . #.
#. ..


You could see Duvessa (dazed) and a centaur.

Vanquished Creatures
  2 black bears (D:5)
  3 ice beasts
  A sky beast (D:6)
  2 phantoms
  2 bullfrogs
  2 scorpions
  A howler monkey (D:7)
  5 hounds
  2 orc priests
  A gnoll bouda (D:5)
  2 jellies (D:6)
  5 orc wizards
  8 gnolls
  6 adders
  A shadow imp (D:5)
  2 white imps (D:5)
  4 worms
  27 orcs
  2 ball pythons
  4 endoplasms
  2 giant cockroaches
  2 goblins (D:1)
  7 hobgoblins
  2 jackals (D:1)
  3 quokkas
  8 bats
  4 frilled lizards
  12 kobolds
  3 rats
125 creatures vanquished.

Notes
Turn   | Place    | Note
-------+----------+-------------------------------------------
     0 | D:1      | Dirian the Minotaur Fighter began the quest for the Orb.
     0 | D:1      | Reached XP level 1. HP: 19/19 MP: 0/0
   367 | D:1      | Reached XP level 2. HP: 27/27 MP: 1/1
   537 | D:2      | Found Biruhel's Antique Weapon Emporium.
   628 | D:2      | Reached XP level 3. HP: 33/33 MP: 2/2
   767 | D:2      | Reached skill level 3 in Long Blades
  1016 | D:2      | Found a blossoming altar of Fedhas.
  1459 | D:3      | Reached XP level 4. HP: 41/41 MP: 3/3
  1682 | D:3      | You fall into a shaft and drop 3 floors!
  1726 | D:6      | Noticed a bullfrog
  1743 | D:6      | Killed a bullfrog
  1744 | D:6      | Reached skill level 4 in Long Blades
  1744 | D:6      | Reached XP level 5. HP: 40/47 MP: 4/4
  1822 | D:5      | Entered Level 5 of the Dungeon
  1852 | D:5      | Reached skill level 5 in Long Blades
  1860 | D:5      | Found Gatsi's Weapon Shoppe.
  1871 | D:5      | Reached skill level 5 in Fighting
  1909 | D:3      | Identified the +10 mace of the Asp {venom, Dex+5}
  2119 | D:3      | Reached XP level 6. HP: 53/56 MP: 5/5
  2340 | D:3      | Noticed an ice beast
  2356 | D:3      | Killed an ice beast
  2357 | D:3      | Reached skill level 5 in Armour
  2920 | D:4      | Reached skill level 6 in Long Blades
  3043 | D:4      | Found a bloodstained altar of Trog.
  3047 | D:4      | Found a glowing golden altar of the Shining One.
  3047 | D:4      | Found a basalt altar of Yredelemnul.
  3047 | D:4      | Found a broken altar of Ashenzari.
  3197 | D:4      | Reached XP level 7. HP: 58/61 MP: 6/6
  3842 | D:5      | Reached skill level 7 in Long Blades
  3842 | D:5      | Reached skill level 5 in Shields
  3899 | D:5      | Reached XP level 8. HP: 32/70 MP: 7/7
  4132 | D:5      | Found a runed translucent door.
  4133 | D:5      | Noticed Crazy Yiuf
  4168 | D:5      | Reached skill level 8 in Long Blades
  4517 | D:6      | Found a staircase to the Ecumenical Temple.
  4526 | Temple   | Entered the Ecumenical Temple
  4798 | Temple   | Became a worshipper of Zin the Law-Giver
  4798 | Temple   | Reached * piety under Zin
  4949 | D:6      | Found Tifo's Weapon Shop.
  5010 | D:6      | Identified the +4 ring mail of Mez Coo {Drain rN+ Str+2}
  5019 | D:6      | Reached ** piety under Zin
  5193 | D:6      | Identified the +0 sling of Wuadiyv {drain, rC- Int+4}
  5547 | D:7      | Noticed Duvessa
  5547 | D:7      | Noticed Dowan
  5656 | D:7      | Reached skill level 9 in Long Blades
  5694 | D:7      | Reached *** piety under Zin
  5821 | D:7      | Zin protects you from harm!
  5823 | D:7      | Mangled by Duvessa

Illustrated notes

Levels and vault maps discovered:
D:1:      shiori_arrival_oz, layout_rooms
D:2:      layout_loops_corners, basic_altar, serial_shops, nicolae_shop_trees,
          minmay_ruptured
D:3:      layout_loops_corners, minmay_misc_feat_enclosed, hangedman_decor_push,
          kennysheep_generic_room_13
D:4:      layout_gridville, minitemple, hangedman_decor_peaks_small,
          grunt_ministairs_2, minmay_bisected
D:5:      layout_basic, serial_shops, nicolae_shop_bloodbath_and_beyond,
          uniq_crazy_yiuf_cottage
D:6:      layout_basic, minmay_temple_entry_slanted, serial_shops,
          nicolae_stop_n_shop_1
D:7:      layout_cave_pods, serial_shops, kennysheep_mini, uniq_menkaure,
          uniq_duvessa
Temple:   hc_temple_tempest_star

Skill      XL: |  1  2  3  4  5  6  7  8 |
---------------+-------------------------+-----
Fighting       | 4 5 6 |  6.8
Armour         | 4 5 6 7 |  7.7
Shields        | 4 5 |  5.8
Long Blades    | 3 4 5 6 7 9 |  9.1

Action                     |  1- 3 |  4- 6 |  7- 9 || total
---------------------------+-------+-------+-------++-------
  Melee: Long sword        |    91 |   129 |   188 ||   408
         Headbutt          |    10 |    19 |    44 ||    73
 Invoke: Recite            |       |       |     1 ||     1
    Use: Scroll            |       |     9 |     1 ||    10
         Potion            |       |       |     2 ||     2
 Armour: Scale mail        |    47 |    81 |    96 ||   224
  Dodge: Dodged            |    39 |    57 |    67 ||   163
  Block: Buckler           |    26 |    28 |    46 ||   100

Table legend: (Time is in decaauts)
 A = Elapsed time spent in this place.
 B = Non-inter-level travel time spent in this place.
 C = Inter-level travel time spent in this place.
 D = Time resting spent in this place.
 E = Time spent auto-exploring this place.
 F = Levels seen in this place.
 G = Mean time per level.
                   A        B        C        D        E       F      G
               +--------+--------+--------+--------+--------+-----+--------+
         Total |   5886 |   5695 |    191 |     25 |   4548 |   8 |  735.8 |
       Dungeon |   5597 |   5434 |    163 |     25 |   4308 |   7 |  799.6 |
        Temple |    288 |    260 |     28 |      0 |    240 |   1 |  288.0 |
               +--------+--------+--------+--------+--------+-----+--------+

Top non-repeatable levels by time:
     D:3: 1249 daAuts
     D:6: 976 daAuts
     D:2: 933 daAuts
     D:4: 870 daAuts
     D:5: 795 daAuts
     D:1: 547 daAuts
  Temple: 288 daAuts
     D:7: 227 daAuts
